 Dungeon Crawl Stone Soup version 0.26-a0-478-g6c97825307 (webtiles) character file.

Game seed: 16238311345651641442

634 Gargoyl the Skirmisher (level 7, -2/66 HPs)
             Began as a Gnoll Abyssal Knight on Aug 1, 2020.
             Was a Priest of Lugonu.
             Slain by a gnoll
             ... wielding a +0 halberd
              (12 damage)
             ... on level 5 of the Dungeon.
             The game lasted 00:07:11 (5055 turns).

Gargoyl the Skirmisher (Gnoll Abyssal Knight)       Turns: 5055, Time: 00:07:11

Health: -2/66      AC:  4    Str: 14    XL:     7   Next: 49%
Magic:  11/11      EV: 13    Int: 15    God:    Lugonu [***...]
Gold:   228        SH:  0    Dex: 14    Spells: 11/11 levels left

rFire    . . .     SeeInvis +   a - +2 hand axe
rCold    . . .     Faith    .   (no shield)
rNeg     . . .     Spirit   .   m - +0 troll leather armour {Purgy}
rPois    .         Reflect  .   (no helmet)
rElec    .         Harm     .   (no cloak)
rCorr    .                      (no gloves)
MR       .....                  (no boots)
Stlth    ++........             (no amulet)
HPRegen  0.61/turn              (no ring)
MPRegen  0.12/turn              (no ring)

@: no status effects
A: distributed training, fangs 1, see invisible, robust 1, weak 1, strong nose
a: Depart the Abyss, Bend Space, Banish, Renounce Religion


You were on level 5 of the Dungeon.
You worshipped Lugonu.
Lugonu was most pleased with you.
You visited 1 branch of the dungeon, and saw 5 of its levels.
You visited the Abyss 1 time.

You collected 228 gold pieces.

Inventory:

Hand Weapons
 a - a +2 hand axe (weapon)
Missiles
 n - 7 javelins (quivered)
Armour
 m - a +0 troll leather armour (worn) {Purgy}
Jewellery
 i - an uncursed ring of fire {unknown}
 o - an uncursed ring of poison resistance {unknown}
Scrolls
 e - a scroll of identify
 g - 3 scrolls of fear
 j - 2 scrolls of teleportation
 k - a scroll of magic mapping
Potions
 b - a potion of ambrosia {unknown}
 c - 2 potions of resistance
 d - 2 potions of curing
 f - a potion of heal wounds
 h - a potion of berserk rage {unknown}
 l - a potion of lignification {unknown}


   Skills:
 + Level 7.0 Fighting
 + Level 2.5 Short Blades
 + Level 2.5 Long Blades
 + Level 5.2 Axes
 + Level 2.5 Maces & Flails
 + Level 2.5 Polearms
 + Level 2.5 Staves
 + Level 2.5 Slings
 + Level 2.5 Bows
 + Level 2.5 Crossbows
 + Level 2.5 Throwing
 + Level 5.2 Armour
 + Level 3.6 Dodging
 + Level 2.5 Stealth
 + Level 2.5 Shields
 + Level 2.5 Unarmed Combat
 + Level 2.5 Spellcasting
 + Level 2.0 Conjurations
 + Level 2.0 Hexes
 + Level 2.0 Summonings
 + Level 2.0 Necromancy
 + Level 2.0 Translocations
 + Level 2.0 Transmutations
 + Level 2.0 Fire Magic
 + Level 2.0 Ice Magic
 + Level 2.0 Air Magic
 + Level 2.0 Earth Magic
 + Level 2.0 Poison Magic
 + Level 5.4 Invocations
 + Level 2.5 Evocations


You had 11 spell levels left.
You didn't know any spells.
Your spell library contained the following spells:

 Spells                   Type           Power        Failure   Level
 Corona                   Hex            #......      11%         1


Dungeon Overview and Level Annotations

Branches:
Dungeon (5/15)             Temple (0/1) D:4

Altars:
Dithmenos
Fedhas
Gozag
Hepliaklqana
Kikubaaqudgha
Sif Muna
Vehumet


Innate Abilities, Weirdness & Mutations

Your experience applies equally to all skills.
You have very sharp teeth.
Your uncanny sense of smell can sniff out nearby items.
You have supernaturally acute eyesight. (SInv)
You are robust. (+10% HP)
You are weak. (Str -2)


Message History

You hit the gnoll.
The gnoll is heavily wounded.
You barely miss the gnoll. The gnoll barely misses you.
The gnoll closely misses you. The gnoll hits you with a +0 halberd!
Unknown command.
You hit the gnoll but do no damage.
The gnoll is heavily wounded.
You closely miss the gnoll.
You feel sick.
You are no longer poisoned.
The gnoll misses you. The gnoll hits you! The gnoll hits you with a +0 halberd!
* * * LOW HITPOINT WARNING * * *
Unknown command.
You hit the gnoll. Your bite misses the gnoll.
The gnoll is almost dead.
You slash the gnoll!
The gnoll hits you from afar with a +0 halberd!
* * * LOW HITPOINT WARNING * * *
Unknown command.
The gnoll hits you from afar with a +0 halberd!
You die...

#.....#
##########.
#...### #.
##.## #.
#.# #. #.#
## #.# #.#
#.# #@# #†#
#ggg......#
#g##.####.#
# #. .# # .
.. # ## #.#
# .# # .#
##


You could see 3 gnolls.

Vanquished Creatures
  Purgy (D:4)
  A phantom (D:4)
  An ogre (D:5)
  An orc priest (D:4)
  4 orc wizards
  Jessica (D:3)
  8 adders
  A white imp (D:5)
  An ooze (D:2)
  2 worms (D:3)
  3 dart slugs
  A leopard gecko (D:3)
  18 orcs
  3 ball pythons
  3 giant cockroaches
  11 goblins
  6 hobgoblins
  8 jackals
  3 kobolds (D:1)
  A quokka (D:4)
  7 bats
  3 frilled lizards
  8 rats
96 creatures vanquished.

Notes
Turn   | Place    | Note
-------+----------+-------------------------------------------
     0 | Abyss:1  | Gargoyl the Gnoll Abyssal Knight began the quest for the
                  | Orb.
     0 | Abyss:1  | Reached XP level 1. HP: 23/23 MP: 3/3
   121 | Abyss:1  | Noticed a small abomination
   140 | Abyss:1  | Noticed a wretched star
   142 | D:1      | Escaped the Abyss
   367 | D:1      | Reached * piety under Lugonu
   451 | D:1      | Reached XP level 2. HP: 25/29 MP: 5/5
  1219 | D:2      | Reached XP level 3. HP: 30/35 MP: 6/6
  1623 | D:2      | Reached ** piety under Lugonu
  1756 | D:2      | Reached skill level 1 in Short Blades
  1756 | D:2      | Reached skill level 1 in Long Blades
  1756 | D:2      | Reached skill level 1 in Maces & Flails
  1756 | D:2      | Reached skill level 1 in Polearms
  1756 | D:2      | Reached skill level 1 in Staves
  1756 | D:2      | Reached skill level 1 in Slings
  1756 | D:2      | Reached skill level 1 in Bows
  1756 | D:2      | Reached skill level 1 in Crossbows
  1756 | D:2      | Reached skill level 1 in Throwing
  1756 | D:2      | Reached skill level 1 in Stealth
  1756 | D:2      | Reached skill level 1 in Shields
  1756 | D:2      | Reached skill level 1 in Unarmed Combat
  1756 | D:2      | Reached skill level 1 in Spellcasting
  1756 | D:2      | Reached skill level 1 in Evocations
  1831 | D:2      | Found a hazy altar of Hepliaklqana.
  1832 | D:2      | Found a shadowy altar of Dithmenos.
  1832 | D:2      | Noticed a shadow
  2117 | D:3      | Reached XP level 4. HP: 41/41 MP: 7/7
  2450 | D:3      | Reached skill level 1 in Conjurations
  2450 | D:3      | Reached skill level 1 in Hexes
  2450 | D:3      | Reached skill level 1 in Summonings
  2450 | D:3      | Reached skill level 1 in Necromancy
  2450 | D:3      | Reached skill level 1 in Translocations
  2450 | D:3      | Reached skill level 1 in Transmutations
  2450 | D:3      | Reached skill level 1 in Fire Magic
  2450 | D:3      | Reached skill level 1 in Ice Magic
  2450 | D:3      | Reached skill level 1 in Air Magic
  2450 | D:3      | Reached skill level 1 in Earth Magic
  2450 | D:3      | Reached skill level 1 in Poison Magic
  2469 | D:3      | Noticed Jessica
  2481 | D:3      | Killed Jessica
  2582 | D:3      | Reached XP level 5. HP: 47/47 MP: 8/8
  3169 | D:4      | Found a shimmering blue altar of Sif Muna.
  3170 | D:4      | Found an ancient bone altar of Kikubaaqudgha.
  3171 | D:4      | Found a radiant altar of Vehumet.
  3175 | D:4      | Identified Sif Muna's Reference Book on Malediction
  3281 | D:4      | Found a staircase to the Ecumenical Temple.
  3322 | D:4      | Noticed a phantom
  3366 | D:4      | Killed a phantom
  3366 | D:4      | Reached skill level 5 in Invocations
  3366 | D:4      | Reached XP level 6. HP: 14/53 MP: 9/9
  3387 | D:4      | Reached skill level 5 in Axes
  3387 | D:4      | Reached skill level 5 in Armour
  3694 | D:4      | Reached *** piety under Lugonu
  3782 | D:4      | Gained mutation: You have supernaturally acute eyesight.
                  | (SInv) [potion of mutation]
  3782 | D:4      | Gained mutation: You are weak. (Str -2) [potion of
                  | mutation]
  3782 | D:4      | Gained mutation: You are robust. (+10% HP) [potion of
                  | mutation]
  4253 | D:4      | Noticed Purgy
  4269 | D:4      | Killed Purgy
  4269 | D:4      | Reached XP level 7. HP: 22/64 MP: 10/10
  4300 | D:4      | Reached skill level 7 in Fighting
  4311 | D:5      | Entered Level 5 of the Dungeon
  4319 | D:5      | Found a blossoming altar of Fedhas.
  4618 | D:4      | Found an opulent altar of Gozag.
  5055 | D:5      | Slain by a gnoll

Illustrated notes

Levels and vault maps discovered:
D:1:      mrwooster_arrival_arrow, layout_loops_ring, serial_bayou,
          serial_bayou_crossing, serial_bayou_lake_a, serial_bayou_pond_a,
          roderic_serpentine_path
D:2:      layout_basic, riverfiend_overflow_shadow_ancestor
D:3:      layout_loops_ring, uniq_jessica
D:4:      cheibrodos_quashed, layout_loops_ring,
          grunt_temple_overflow_magic_moments, nicolae_overflow_hidden_temple,
          temple_green, hangedman_abyss_or_decor_stabs, uniq_purgy
D:5:      layout_loops_ring, kennysheep_mini_moat, lemuel_crystal_altar

Skill      XL: |  1  2  3  4  5  6  7 |
---------------+----------------------+-----
Short Blades   | 1 2 |  2.5
Long Blades    | 1 2 |  2.5
Maces & Flails | 1 2 |  2.5
Polearms       | 1 2 |  2.5
Staves         | 1 2 |  2.5
Slings         | 1 2 |  2.5
Bows           | 1 2 |  2.5
Crossbows      | 1 2 |  2.5
Throwing       | 1 2 |  2.5
Stealth        | 1 2 |  2.5
Shields        | 1 2 |  2.5
Unarmed Combat | 1 2 |  2.5
Spellcasting   | 1 2 |  2.5
Evocations     | 1 2 |  2.5
Conjurations   | 1 2 |  2.0
Hexes          | 1 2 |  2.0
Summonings     | 1 2 |  2.0
Necromancy     | 1 2 |  2.0
Translocations | 1 2 |  2.0
Transmutations | 1 2 |  2.0
Fire Magic     | 1 2 |  2.0
Ice Magic      | 1 2 |  2.0
Air Magic      | 1 2 |  2.0
Earth Magic    | 1 2 |  2.0
Poison Magic   | 1 2 |  2.0
Dodging        | 3 |  3.6
Invocations    | 5 |  5.4
Axes           | 5 |  5.2
Armour         | 5 |  5.2
Fighting       | 7 |  7.0

Action                   |  1- 3 |  4- 6 |  7- 9 || total
-------------------------+-------+-------+-------++-------
Melee: Hand axe          |    87 |   154 |    61 ||   302
       Bite              |     4 |    10 |     6 ||    20
       Punch             |       |     1 |     3 ||     4
Invok: Depart the Abyss  |     1 |       |       ||     1
  Use: Scroll            |     3 |     7 |     2 ||    12
       Potion            |     1 |     2 |     1 ||     4
 Stab: Sleeping          |       |     1 |       ||     1
Armor: Leather armour    |    32 |       |       ||    32
       Ring mail         |     7 |    59 |    11 ||    77
       Troll leather arm |       |       |     5 ||     5
Dodge: Dodged            |    74 |    98 |    47 ||   219

Table legend: (Time is in decaauts)
 A = Elapsed time spent in this place.
 B = Non-inter-level travel time spent in this place.
 C = Inter-level travel time spent in this place.
 D = Time resting spent in this place.
 E = Time spent auto-exploring this place.
 F = Levels seen in this place.
 G = Mean time per level.
                   A        B        C        D        E       F      G
               +--------+--------+--------+--------+--------+-----+--------+
         Total |   5157 |   5044 |    113 |    892 |   3158 |   6 |  859.5 |
       Dungeon |   5015 |   4902 |    113 |    892 |   3043 |   5 | 1003.0 |
         Abyss |    142 |    142 |      0 |      0 |    115 |   1 |  142.0 |
               +--------+--------+--------+--------+--------+-----+--------+

Top non-repeatable levels by time:
     D:4: 1435 daAuts
     D:1: 1140 daAuts
     D:3: 1091 daAuts
     D:2: 848 daAuts
     D:5: 500 daAuts
 Abyss:1: 142 daAuts
